 Dungeon Crawl Stone Soup version 0.32-a0-350-g4f4d228785 (webtiles) character file.

Game seed: 3409044010487791008

44634 Ceno the Fighter (level 13, -3/106 HPs)
             Began as a Red Draconian Conjurer on Feb 17, 2024.
             Was an Elder of Hepliaklqana.
             Slain by a spriggan rider
             ... wielding a +0 spear
              (20 damage)
             ... on level 5 of the Lair of Beasts on Feb 18, 2024.
             The game lasted 01:01:13 (20954 turns).

Ceno the Fighter (Red Draconian Conjurer)          Turns: 20954, Time: 01:01:14

Health: -3/106     AC:  8    Str: 10    XL:     13   Next: 97%
Magic:  8/25       EV: 13    Int: 23    God:    Hepliaklqana [****..]
Gold:   829        SH:  6    Dex: 10    Spells: 11/28 levels left

rFire   + . .        g - +2 short sword (elec)
rCold   . . .        R - +2 buckler
rNeg    . . .        (body armour unavailable)
rPois   .            (helmet restricted)
rElec   .            (no cloak)
rCorr   .            (no gloves)
SInv    .            (no boots)
Will    +....        z - amulet of the acrobat
Stlth   +++          n - ring of willpower
HPRegen 0.37/turn    A - ring of wizardry
MPRegen 0.19/turn

%: acrobat, wizardry (x1)
@: no status effects
A: reduced essence, breathe fire, AC +8, unfitting armour, fire resistance 1,
cold-blooded
a: Breathe Fire, Renounce Religion, Recall Ancestor, Ancestor Identity,
Transference, Idealise


You were on level 5 of the Lair of Beasts.
You worshipped Hepliaklqana.
Hepliaklqana was greatly pleased with you.
You visited 3 branches of the dungeon, and saw 16 of its levels.

You collected 829 gold pieces.

Inventory:

Hand Weapons
 g - a +2 short sword of electrocution (weapon)
Missiles
 a - 2 throwing nets
 i - 34 poisoned darts
 O - 6 curare-tipped darts
Armour
 R - a +2 buckler (worn)
Jewellery
 k - an amulet of faith
 n - a ring of willpower (left hand)
 s - a ring of protection from fire
 z - an amulet of the acrobat (around neck)
 A - a ring of wizardry (right hand)
 D - a ring of positive energy
 M - a +4 ring of protection
 N - a ring of flight
 P - a ring of willpower
Talismans
 y - a blade talisman
Wands
 C - a wand of charming (12)
 E - a wand of mindburst (9)
 F - a wand of flame (13)
 G - a wand of polymorph (10)
 I - a wand of acid (5)
 L - a wand of roots (7)
Scrolls
 d - 2 scrolls of immolation
 e - 3 scrolls of vulnerability
 j - 2 scrolls of acquirement {unknown}
 l - 3 scrolls of amnesia
 o - a scroll of revelation
 r - a scroll of enchant weapon
 t - 2 scrolls of fog {unknown}
 u - 2 scrolls of identify
 w - 2 scrolls of blinking
 x - a scroll of noise {unknown}
 J - 2 scrolls of teleportation {unknown}
 K - 2 scrolls of silence
Potions
 b - a potion of resistance
 c - 6 potions of degeneration
 f - 5 potions of curing
 h - a potion of cancellation
 m - 5 potions of mutation
 p - 2 potions of lignification
 q - 3 potions of heal wounds
 v - 2 potions of enlightenment
 B - a potion of haste {unknown}
 H - 2 potions of ambrosia
 Q - a potion of magic


   Skills:
 + Level 12.3 Fighting
 + Level 6.6 Dodging
 - Level 5.0 Stealth
 + Level 1.6 Shields
 - Level 8.0 Spellcasting
 - Level 12.0 Conjurations
 - Level 3.0 Translocations
 - Level 12.0 Fire Magic
 - Level 0.5 Air Magic
 - Level 3.0 Alchemy
 + Level 6.3 Invocations
 + Level 7.1 Shapeshifting


You had 11 spell levels left.
You knew the following spells:

 Your Spells              Type           Power      Damage    Failure   Level
a - Magic Dart            Conj           100%       1d8       1%          1
b - Searing Ray           Conj           100%       2d8       1%          2
c - Fulminant Prism       Conj/Alch      21%        3d12      1%          4
d - Iskenderun's Mystic   Conj/Tloc      43%        2d10      1%          4
e - Starburst             Conj/Fire      29%        6d9       4%          6

Your spell library contained the following spells:

 Spells                   Type           Power      Damage    Failure   Level
 Foxfire                  Conj/Fire      100%       2x1d9     1%          1
 Kiss of Death            Conj/Necr      100%       2d13      1%          1
 Blink                    Tloc           46%        N/A       1%          2
 Lesser Beckoning         Tloc           46%        N/A       1%          2
 Momentum Strike          Conj/Tloc      86%        3d10      1%          2
 Gell's Gravitas          Tloc           23%        N/A       3%          3
 Teleport Other           Tloc           23%        N/A       3%          3
 Ensorcelled Hibernation  Hex/Ice        18%        N/A       6%          2
 Swiftness                Air            11%        N/A       10%         3
 Confusing Touch          Hex            9%         N/A       12%         3
 Passwall                 Erth           9%         N/A       12%         3
 Summon Lightning Spire   Summ/Air       10%        N/A       32%         4
 Dispel Undead            Necr           9%         3d8       36%         4
 Plasma Beam              Fire/Air       19%        2x1d30    41%         6
 Lee's Rapid Deconstruct  Erth           4%         3d5*      69%         5
 Dispersal                Tloc           11%        N/A       85%         6
 Animate Armour           Summ/Erth      Unusable   N/A       N/A         4

Dungeon Overview and Level Annotations

Branches:
Dungeon (10/15)            Temple (1/1) D:6            Lair (5/5) D:8
 Shoals (0/4) Lair:2       Spider (0/4) Lair:3        Slime (0/5) Lair:5
    Orc (0/2) D:9

Altars:
Ashenzari
Cheibriados
Dithmenos
Elyvilon
Fedhas
Gozag
Hepliaklqana
Kikubaaqudgha
Makhleb
Nemelex Xobeh
Okawaru
Qazlal
Ru
Sif Muna
Trog
Uskayaw
Vehumet
Wu Jian
Xom
Yredelemnul
Zin
The Shining One
Beogh
Jiyva

Shops:
D:4 (   D:8 [   D:9 *

Annotations:
Lair:4 exclusion: oklob plant


Innate Abilities, Weirdness & Mutations

Your life essence is reduced to manifest your ancestor. (-10% HP)
You can breathe blasts of fire.
Your fiery red scales are hard. (AC +8)
You cannot fit into any form of body armour.
Your flesh is heat resistant. (rF+)
You are cold-blooded and may be slowed by cold attacks.


Message History

A spriggan rider comes into view. It is wielding a +0 spear.
The forest fire spreads! x2
Lydiff blocks the yak's attack.
The polar bear bites Lydiff but does no damage.
Lydiff blocks the polar bear's attack.
The polar bear barely misses Lydiff.
The forest fire spreads! x4
Lydiff hits the yak with a +0 flail!
Lydiff blocks the yak's attack.
The polar bear bites Lydiff.
Lydiff blocks the polar bear's attack.
The polar bear claws Lydiff but does no damage.
The forest fire spreads! x2
Lydiff hits the yak with a +0 flail!
The yak dies!
Lydiff blocks the polar bear's attack.
The polar bear misses Lydiff.
The polar bear claws Lydiff but does no damage.
The spriggan rider completely misses you.
The polar bear misses Lydiff.
Lydiff blocks the polar bear's attack. x2
The forest fire spreads! x2
Lydiff hits the polar bear with a +0 flail!
The spriggan rider hits you from afar with a +0 spear!
* * * LOW HITPOINT WARNING * * *
Lydiff blocks the polar bear's attack. x2
The polar bear claws Lydiff but does no damage.
The forest fire spreads!
The spriggan rider hits you from afar with a +0 spear!
* * * LOW HITPOINT WARNING * * *
Lydiff closely misses the polar bear.
The polar bear bites Lydiff!
The polar bear claws Lydiff but does no damage.
Lydiff blocks the polar bear's attack.
A wolf comes into view.
The forest fire spreads! x2
Casting: Starburst (dangerous; 4% risk of failure)
Confirm with . or Enter, or press ? or * to list all spells.
Casting: Starburst (dangerous; 4% risk of failure)
Press: ? - help, Dir - look around, f - activate Lydiff avoids your attack.
The bolt of fire misses the spriggan rider.
The tree burns like a torch!
The spriggan rider hits you from afar with a +0 spear!!
You die...
Hepliaklqana delivers you to your ancestors.

♣♣♣♣♣♣♣♣♣♣♣ ♣
♣§♣°○§°○°§♣♣♣♣♣
..♣♣§°§○§§§§....♣♣♣♣♣♣♣
♣....°○.°.§§.♣......♣.♣♣
♣♣♣§.h)†○○§§§.♣♣♣.♣.....
♣§§§.iR@○§§§.§♣ ♣♣..♣♣♣♣
.§§§..§§○♣☼♣♣§♣ ♣..♣♣
......♣§°°♣ ♣....♣..♣♣
.....♣§°§♣.....♣♣♣♣..♣♣♣
..♣.. .§.°♣○○♣ ♣♣♣....
.h.♣ ♣§§♣♣♣♣§§♣ ♣♣.♣♣...
♣.. ♣♣♣♣ §§♣ ♣.......
♣♣♣ ♣♣ ♣....... ♣♣♣♣.♣
♣♣.....÷


You could see the friendly Lydiff the knight, a spriggan rider, a polar bear
(distracted, ally target) and a wolf.

Vanquished Creatures
  A hydra (Lair:3)
  A catoblepas (Lair:4)
  A boulder beetle (Lair:3)
  10 death yaks
  9 elephants
  15 cane toads
  9 black mambas
  A rime drake (Lair:5)
  9 komodo dragons
  3 hornets (Lair:5)
  6 polar bears
  6 blink frogs
  A dream sheep (Lair:5)
  Grinder (D:6)
  4 jumping spiders (Lair:3)
  2 culicivoras (Lair:3)
  A shadow (D:9)
  3 wyverns
  7 spriggans (Lair:5)
  19 yaks
  2 basilisks
  2 redbacks (Lair:3)
  A steam dragon (Lair:2)
  Eustachio (D:4)
  12 water moccasins
  Duvessa (D:7)
  An ice beast (D:8)
  A sky beast (D:5)
  2 orc warriors
  3 boggarts (Lair:5)
  3 black bears
  8 wolves
  2 centaurs (Lair:2)
  2 phantoms (D:5)
  2 kobold brigands
  Blork the orc (D:6)
  15 bullfrogs
  A gnoll sergeant (D:8)
  2 scorpions
  7 wights
  Dowan (D:7)
  4 killer bees (D:7)
  10 electric eels
  3 hounds
  5 orc priests
  2 jellies
  A sleepcap (D:6)
  2 gnoll boudas
  3 iguanas (D:5)
  3 hell rats (Lair:5)
  7 orc wizards
  6 adders
  18 gnolls
  A shadow imp (D:6)
  A white imp (D:6)
  3 dart slugs
  2 ribbon worms
  20 orcs
  6 endoplasms
  3 giant cockroaches
  3 goblins
  4 hobgoblins
  13 kobolds
  5 quokkas
  4 ball pythons
  5 bats
  4 frilled lizards
  2 rats (D:1)
319 creatures vanquished.

Vanquished Creatures (collateral kills)
  A catoblepas (Lair:2)
  Erica (Lair:1)
  A death yak (Lair:4)
  3 elephants
  3 cane toads
  2 komodo dragons
  A hornet (Lair:5)
  2 blink frogs (Lair:2)
  A dream sheep (Lair:5)
  4 spriggans (Lair:5)
  5 yaks
  A basilisk (Lair:1)
  A centaur (Lair:2)
  5 wolves (Lair:5)
  6 bullfrogs
  A wight (D:9)
  An electric eel (Lair:4)
  2 orc wizards (D:9)
  2 hell rats (Lair:5)
  5 orcs (D:9)
  A kobold (D:9)
49 creatures vanquished.

Vanquished Creatures (others)
  6 knights
  An ancestor (D:8)
  96 fulminant prisms
103 creatures vanquished.

Grand Total: 471 creatures vanquished

Notes
Turn   | Place    | Note
-------+----------+-------------------------------------------
     0 | D:1      | Ceno the Draconian Conjurer began the quest for the Orb.
     0 | D:1      | Reached XP level 1. HP: 14/14 MP: 3/3
    84 | D:1      | Reached XP level 2. HP: 20/20 MP: 1/5
    87 | D:1      | Learned a level 2 spell: Searing Ray
   415 | D:1      | Reached XP level 3. HP: 26/26 MP: 4/6
   968 | D:2      | Reached XP level 4. HP: 33/33 MP: 3/7
  1010 | D:2      | Learned a level 4 spell: Fulminant Prism
  1065 | D:2      | Reached skill level 5 in Conjurations
  2076 | D:3      | Found a glowing silver altar of Zin.
  2279 | D:4      | Found Cus Udim's Antique Weapon Shop.
  2283 | D:4      | Reached skill level 1 in Alchemy
  2283 | D:4      | Reached XP level 5. HP: 38/38 MP: 3/9
  2621 | D:4      | Noticed Eustachio
  2832 | D:5      | Entered Level 5 of the Dungeon
  2900 | D:5      | Noticed a phantom
  2929 | D:5      | Killed a phantom
  2930 | D:5      | Reached XP level 6. HP: 22/45 MP: 2/11
  3137 | D:5      | Found a broken altar of Ashenzari.
  3137 | D:5      | Noticed an orc warrior
  3148 | D:5      | Killed an orc warrior
  3466 | D:5      | Your scales start taking on a fiery red colour.
  3466 | D:5      | Reached XP level 7. HP: 36/50 MP: 8/12
  3466 | D:5      | Gained mutation: Your flesh is heat resistant. (rF+) [Red
                  | Draconian growth]
  3787 | D:5      | Noticed a komodo dragon
  3791 | D:5      | Found a shimmering altar of Xom.
  4201 | D:6      | Reached skill level 1 in Fire Magic
  4260 | D:6      | Noticed Blork the orc
  4274 | D:6      | Killed Blork the orc
  4429 | D:6      | Reached skill level 1 in Translocations
  4431 | D:6      | Reached skill level 5 in Stealth
  4431 | D:6      | Reached XP level 8. HP: 55/57 MP: 3/14
  4772 | D:6      | Found a staircase to the Ecumenical Temple.
  4780 | Temple   | Entered the Ecumenical Temple
  4858 | Temple   | Became a worshipper of Hepliaklqana the Forgotten
  5046 | D:6      | Learned a level 4 spell: Iskenderun's Mystic Blast
  5199 | D:6      | Noticed Grinder
  5535 | D:6      | Reached skill level 1 in Fighting
  5672 | D:6      | Killed Grinder
  5673 | D:6      | Reached skill level 5 in Fire Magic
  5940 | D:7      | Found a radiant altar of Vehumet.
  6000 | D:7      | Reached XP level 9. HP: 63/68 MP: 4/15
  6325 | D:7      | Found an opulent altar of Gozag.
  6327 | D:7      | Found a blossoming altar of Fedhas.
  6329 | D:7      | Found a broken altar of Ashenzari.
  6329 | D:7      | Found a hide-covered altar of Uskayaw.
  6329 | D:7      | Found a snail-covered altar of Cheibriados.
  6330 | D:7      | Found a shadowy altar of Dithmenos.
  6330 | D:7      | Found a stormy altar of Qazlal.
  6459 | D:7      | Noticed Duvessa
  6549 | D:7      | Noticed Dowan
  6557 | D:7      | Killed Dowan
  6558 | D:7      | Killed Duvessa
  6601 | D:7      | Noticed a komodo dragon
  7002 | D:8      | Noticed an elephant
  7155 | D:7      | Killed a komodo dragon
  7329 | D:8      | Reached * piety under Hepliaklqana
  7347 | D:8      | Killed an elephant
  7348 | D:8      | Reached skill level 5 in Spellcasting
  7616 | D:8      | Found a staircase to the Lair.
  7616 | D:8      | Noticed an elephant
  7637 | D:8      | Killed an elephant
  7638 | D:8      | Reached skill level 5 in Fighting
  7770 | D:8      | Reached XP level 10. HP: 81/81 MP: 9/18
  8331 | D:8      | Found Coneugh's Armour Shoppe.
  8560 | D:9      | Found a staircase to the Orcish Mines.
  8580 | D:9      | Found a roughly hewn altar of Beogh.
  8823 | D:9      | Reached ** piety under Hepliaklqana
  8827 | D:9      | Remembered your ancestor Lydiff as a knight
  9368 | D:9      | Found Fuam's Assorted Antiques.
  9546 | D:10     | Entered Level 10 of the Dungeon
  9924 | D:5      | Learned a level 6 spell: Starburst
 10613 | D:4      | Killed Eustachio
 10841 | Lair:1   | Entered Level 1 of the Lair of Beasts
 10841 | Lair:1   | Noticed a cane toad
 10849 | Lair:1   | Noticed a cane toad
 10852 | Lair:1   | Noticed a cane toad
 10854 | Lair:1   | Killed a cane toad
 10859 | D:8      | Killed a cane toad
 10986 | Lair:1   | Noticed Erica
 11001 | D:8      | Reached XP level 11. HP: 16/82 MP: 10/21
 11352 | Lair:1   | Killed Erica
 11353 | Lair:1   | Reached skill level 10 in Conjurations
 11847 | Lair:1   | Reached skill level 10 in Fire Magic
 13028 | Lair:2   | Reached skill level 1 in Shapeshifting
 13153 | Lair:2   | Reached *** piety under Hepliaklqana
 13319 | Lair:2   | Noticed a catoblepas
 13321 | Lair:2   | Reached XP level 12. HP: 93/93 MP: 17/24
 13341 | Lair:2   | Killed a catoblepas
 14284 | Lair:2   | Found a staircase to the Shoals.
 14754 | Lair:3   | Reached skill level 10 in Fighting
 14949 | Lair:3   | Found a hole to the Spider Nest.
 15588 | Lair:3   | Noticed a five-headed hydra
 15887 | Lair:3   | Killed a five-headed hydra
 15888 | Lair:3   | Reached skill level 1 in Invocations
 16327 | Lair:3   | Noticed a boulder beetle
 16339 | Lair:3   | Killed a boulder beetle
 17227 | Lair:4   | Reached **** piety under Hepliaklqana
 17252 | Lair:4   | Reached skill level 5 in Shapeshifting
 17426 | Lair:4   | Reached XP level 13. HP: 103/103 MP: 12/25
 17791 | Lair:5   | Entered Level 5 of the Lair of Beasts
 18359 | Lair:5   | Reached skill level 5 in Dodging
 19347 | Lair:5   | Found a staircase to the Slime Pits.
 19348 | Lair:5   | Found a viscous altar of Jiyva.
 19576 | Lair:5   | Reached skill level 5 in Invocations
 20874 | Lair:5   | Reached skill level 1 in Shields
 20954 | Lair:5   | Slain by a spriggan rider

Illustrated notes

Levels and vault maps discovered:
D:1:      lemuel_arrival_lava_pool, layout_rooms
D:2:      layout_rooms
D:3:      layout_basic, mainiacjoe_overflow_boulevard
D:4:      layout_cave_pools, serial_shops, shop, uniq_eustachio
D:5:      layout_loops_corners, hangedman_feature_mirror,
          nicolae_elevator_lobby_plus
D:6:      layout_cave_pods, minmay_temple_entry_mist, corexii_shack,
          uniq_blork_the_orc, uniq_grinder
D:7:      layout_rooms, grunt_temple_overflow_open, uniq_duvessa
D:8:      layout_gridville, grunt_lair_entry_orc_guard_hut, serial_shops,
          nicolae_shop_stone
D:9:      layout_rooms, minmay_orc_entry_temple_small, serial_shops, shop,
          enter_bailey_2
D:10:     minmay_thick_lines, layout_long_grid
Temple:   oiseaux_autumnal_temple
Lair:1:   layout_cave_shapes, beast_lair_carwin_1, uniq_erica
Lair:2:   layout_big_grid, minmay_shoals_entry_centaurs, serial_bayou,
          serial_bayou_lake_a, serial_bayou_pond_e, serial_bayou_pond_d,
          serial_bayou_pond_a
Lair:3:   layout_cave_pods, nicolae_spider_entry_tight_spaces,
          serial_bayou_shore_a, grunt_megastairs_2
Lair:4:   layout_cave_shapes, nicolae_quartered_pool_medium, st_stairs_11,
          dpeg_oklob_1
Lair:5:   minmay_lair_end_enchanted_forest, layout_layer_cave, slime_entry_1,
          serial_bayou_ford_a

Skill      XL: |  1  2  3  4  5  6  7  8  9 10 11 12 13 |
---------------+----------------------------------------+-----
Stealth        | 2 3 4 5 |  5.0
Conjurations   | 5 6 7 8 9 11 12 | 12.0
Alchemy        | 1 2 3 |  3.0
Spellcasting   | 3 4 5 6 8 |  8.0
Fire Magic     | 2 5 7 9 11 12 | 12.0
Translocations | 1 3 |  3.0
Dodging        | 3 4 6 |  6.6
Fighting       | 2 5 7 9 10 12 | 12.3
Shapeshifting  | 1 5 7 |  7.1
Invocations    | 2 6 |  6.3
Shields        | 1 |  1.6
Air Magic      | |  0.5

Action                     |  1- 3 |  4- 6 |  7- 9 | 10-12 | 13-15 || total
---------------------------+-------+-------+-------+-------+-------++-------
  Melee: Dagger            |    11 |       |       |       |       ||    11
         Tailslap          |     2 |     2 |     7 |    13 |    10 ||    34
         Short sword       |    29 |    35 |    51 |    91 |    47 ||   253
  Throw: Dart              |       |       |       |    14 |       ||    14
   Cast: Magic Dart        |    27 |    28 |    19 |    15 |     1 ||    90
         Searing Ray       |     3 |    22 |    41 |    29 |     9 ||   104
         Fulminant Prism   |       |       |    39 |    45 |    12 ||    96
         Iskenderun's Myst |       |       |    13 |    25 |    12 ||    50
         Starburst         |       |       |       |    59 |    57 ||   116
 Invoke: Ancestor Identity |       |       |     1 |       |       ||     1
         Recall Ancestor   |       |       |       |     1 |     1 ||     2
         Ancestor Life: Kn |       |       |       |     1 |       ||     1
Ability: Breathe Fire      |       |       |    10 |    21 |     7 ||    38
  Evoke: Wand              |       |       |       |     4 |     2 ||     6
    Use: Scroll            |       |     3 |     7 |     8 |       ||    18
         Potion            |       |       |     2 |     1 |     2 ||     5
   Stab: Sleeping          |     5 |     1 |       |     2 |       ||     8
 Armour: Skin              |    25 |    27 |    82 |   123 |    85 ||   342
  Dodge: Dodged            |    26 |    25 |    40 |    98 |    84 ||   273
  Block: Buckler           |       |       |       |       |    12 ||    12

Table legend: (Time is in decaauts)
 A = Elapsed time spent in this place.
 B = Non-inter-level travel time spent in this place.
 C = Inter-level travel time spent in this place.
 D = Time resting spent in this place.
 E = Time spent auto-exploring this place.
 F = Levels seen in this place.
 G = Mean time per level.
                   A        B        C        D        E       F      G
               +--------+--------+--------+--------+--------+-----+--------+
         Total |  21049 |  20302 |    747 |   7434 |   8661 |  16 | 1315.6 |
       Dungeon |  11571 |  11163 |    408 |   3480 |   5502 |  10 | 1157.1 |
        Temple |    111 |     36 |     75 |      0 |      0 |   1 |  111.0 |
          Lair |   9365 |   9101 |    264 |   3954 |   3159 |   5 | 1873.0 |
               +--------+--------+--------+--------+--------+-----+--------+

Top non-repeatable levels by time:
     D:8: 2180 daAuts
  Lair:4: 2161 daAuts
  Lair:2: 2091 daAuts
  Lair:5: 2020 daAuts
  Lair:3: 1969 daAuts
     D:5: 1922 daAuts
     D:6: 1801 daAuts
     D:4: 1254 daAuts
  Lair:1: 1121 daAuts
     D:7: 1100 daAuts
     D:9: 1037 daAuts
     D:3: 850 daAuts
     D:2: 688 daAuts
     D:1: 668 daAuts
  Temple: 111 daAuts
